 Dungeon Crawl Stone Soup version 0.29.0-15-g675c0067aa (webtiles) character file.

Game seed: 9358893910047160748

2679 H0rd4k the Slicer (level 9, -13/62 (69) HPs)
             Began as a Human Artificer on Sept 12, 2022.
             Was an Initiate of Gozag.
             Killed from afar by a lava snake (20 damage)
             ... with a glob of lava
             ... on level 7 of the Dungeon.
             The game lasted 00:08:59 (10233 turns).

H0rd4k the Slicer (Human Artificer)                Turns: 10233, Time: 00:09:00

HP:   -13/62 (69)   AC:  5    Str: 13    XL:     9   Next: 95%
MP:   13/13         EV: 13    Int: 16    God:    Gozag
Gold: 364           SH:  0    Dex: 13    Spells: 14/14 levels left

rFire   . . .      SeeInvis .   y - +10 whip of Ideweic {vorpal, rN+}
rCold   . . .      Faith    .   (no shield)
rNeg    + . .      Spirit   .   b - +0 leather armour
rPois   .          Reflect  .   (no helmet)
rElec   .          Harm     .   (no cloak)
rCorr   .          Rampage  .   (no gloves)
Will    .....                   B - +1 pair of boots
Stlth   +.........              (no amulet)
HPRegen 0.20/turn               (no ring)
MPRegen 0.13/turn               (no ring)

@: heavily drained
A: no striking features
a: Renounce Religion, Potion Petition, Call Merchant, Bribe Branch


You were on level 7 of the Dungeon.
You worshipped Gozag.
Gozag was aware of your devotion.
You visited 2 branches of the dungeon, and saw 8 of its levels.

You collected 459 gold pieces.
You paid 95 gold pieces to Gozag.

Inventory:

Hand Weapons
 j - a +2 dagger of draining
 y - the +10 whip of Ideweic (weapon) {vorpal, rN+}
   (You found it on level 6 of the Dungeon)

   It inflicts extra damage upon your enemies.
   rN:        It protects you from negative energy.
Missiles
 i - 48 poisoned darts (quivered)
Armour
 b - a +0 leather armour (worn)
 B - a +1 pair of boots (worn)
Magical Staves
 k - a staff of cold
Jewellery
 z - a ring of poison resistance
Wands
 d - a wand of charming (9)
 e - a wand of iceblast (4)
 E - a wand of flame (22)
Scrolls
 a - 2 scrolls of enchant weapon {unknown}
 c - a scroll of teleportation {unknown}
 f - 2 scrolls of blinking {unknown}
 l - 3 scrolls of brand weapon {unknown}
 o - 2 scrolls of identify {unknown}
 p - 3 scrolls of butterflies {unknown}
 q - a scroll of magic mapping {unknown}
 x - a scroll of vulnerability {unknown}
 F - a scroll of immolation {unknown}
 H - 3 scrolls of noise {unknown}
Potions
 g - a potion of haste {unknown}
 h - 2 potions of ambrosia {unknown}
 m - 4 potions of brilliance {unknown}
 n - 2 potions of curing
 r - 2 potions of flight {unknown}
 s - 2 potions of heal wounds {unknown}
 t - 3 potions of resistance {unknown}
 u - a potion of berserk rage {unknown}
 v - a potion of magic {unknown}
 w - a potion of degeneration {unknown}
 A - a potion of attraction {unknown}
 C - a potion of lignification {unknown}
 D - a potion of mutation {unknown}
 G - a potion of invisibility {unknown}


   Skills:
 + Level 5.7 Fighting
 - Level 8.2 Short Blades
 + Level 1.1(2.7) Axes
 * Level 3.9(4.0) Maces & Flails
 + Level 0.4 Throwing
 - Level 2.0 Armour
 + Level 5.3 Dodging
 - Level 1.0 Stealth
 + Level 3.2 Spellcasting
 - Level 3.0 Evocations


You had 14 spell levels left.
You didn't know any spells.
Your spell library contained the following spells:

 Spells                   Type           Power      Damage    Failure   Level
 Confusing Touch          Hex            2%         N/A       56%         3
 Yara's Violent Unravell  Hex/Tmut       1%         3d3       100%        5
 Conjure Ball Lightning   Conj/Air       1%         3x3d6     100%        6
 Enfeeble                 Hex            1%         N/A       100%        7
 Discord                  Hex            1%         N/A       100%        8
 Disjunction              Tloc           1%         N/A       100%        8


Dungeon Overview and Level Annotations

Branches:
Dungeon (7/15)             Temple (1/1) D:7

Altars:
Ashenzari
Elyvilon
Gozag
Hepliaklqana
Kikubaaqudgha
Makhleb
Nemelex Xobeh
Okawaru
Qazlal
Ru
Sif Muna
Trog
Vehumet
Xom
Yredelemnul
Zin

Shops:
D:5 !

Annotations:
D:5 2 transporters
D:6 exclusion: downstairs
Temple 2 transporters


Message History

You now have 312 gold pieces (gained 5).
Things that are here:
a curare-tipped dart; a +2 dagger of draining You now have 339 gold pieces (gained 27).
You see here a +0 short sword.
i - 48 poisoned darts (gained 3)
Found a stone staircase leading down.
You now have 348 gold pieces (gained 9).
Things that are here:
a curare-tipped dart; a +2 dagger of draining Key pressed, stopping explore.
Found a ring mail.
Found a bloodstained altar of Trog.
You now have 364 gold pieces (gained 16).
There is a bloodstained altar of Trog here.
h - 2 smoky golden potions (gained 1) As you open the door, it creaks loudly! 2 lava snakes come into view.
The lava snake hisses angrily. x2
The lava snake spits lava at you. The glob of lava hits you!
There are monsters nearby!
There are monsters nearby!
There are monsters nearby!
There are monsters nearby!
The lava snake spits lava at you. The glob of lava hits you!!
There is an open door here.
The lava snake bites you.
You are engulfed in flames.
You barely miss the lava snake.
The lava snake bites you but does no damage.
The lava snake spits lava at you. The glob of lava hits you!!
* * * LOW HITPOINT WARNING * * *
You closely miss the lava snake.
You punch the lava snake, but do no damage.
The lava snake spits lava at you. The glob of lava hits you!!
You die...
Your body crumbles into a pile of gold.

##..........))....###..........
####.........))##....#..........
#..........[[#####.......####...
##..........[## #.....### #....
#..........[.### ######...####...
#.....(........##§§≈§§##..##.....
##.............#≈≈≈§§≈§#..##.....
#..............#§S≈S§§§#.....#..#
.............#.'@.§§≈≈≈#.#...####
...##.#........#≈§§≈≈≈≈###...##
#...#..........#≈≈§§§≈≈#......###
#.........[....##≈≈≈≈§##.........
#...............########.........
###...........####.))####........
#..###...........##)#.#......##
##.#...##.....................)
####....................##....


You could see 2 lava snakes.

Vanquished Creatures
  Pikel (D:4)
  A steam dragon (D:6)
  Menkaure (D:4)
  A water moccasin (D:6)
  3 ice beasts (D:5)
  A black bear (D:6)
  A sky beast (D:6)
  A centaur (D:7)
  2 phantoms
  A necrophage (D:5)
  2 kobold brigands
  A bullfrog (D:7)
  A scorpion (D:6)
  3 wights (D:7)
  A howler monkey (D:6)
  2 jellies
  A gnoll bouda (D:6)
  2 orc priests
  2 hounds
  3 orc wizards
  4 iguanas
  7 adders
  9 gnolls
  A shadow imp (D:5)
  An ufetubus (D:5)
  A dart slug (D:5)
  A worm (D:3)
  18 orcs
  2 endoplasms
  9 goblins
  6 hobgoblins
  6 jackals
  19 kobolds
  3 quokkas
  8 ball pythons
  10 bats
  7 frilled lizards
  7 giant cockroaches
  2 rats
152 creatures vanquished.

Vanquished Creatures (collateral kills)
  2 gnolls (D:6)
  An endoplasm (D:2)
3 creatures vanquished.

Vanquished Creatures (others)
  A gnoll (D:6)
  A worm (D:2)
2 creatures vanquished.

Grand Total: 157 creatures vanquished

Notes
Turn   | Place    | Note
-------+----------+-------------------------------------------
     0 | D:1      | H0rd4k the Human Artificer began the quest for the Orb.
     0 | D:1      | Reached XP level 1. HP: 15/15 MP: 1/1
   159 | D:1      | Reached XP level 2. HP: 14/21 MP: 2/2
   423 | D:1      | Found a faded altar of an unknown god.
  1018 | D:1      | Reached skill level 1 in Maces & Flails
  1022 | D:1      | Reached XP level 3. HP: 20/26 MP: 3/3
  2029 | D:2      | Reached skill level 1 in Short Blades
  2029 | D:2      | Reached XP level 4. HP: 22/32 MP: 4/4
  2360 | D:2      | Reached XP level 5. HP: 17/38 MP: 5/5
  2933 | D:3      | Found a radiant altar of Vehumet.
  2958 | D:3      | Reached skill level 2 in Short Blades
  3052 | D:3      | Found a broken altar of Ashenzari.
  3184 | D:3      | Reached XP level 6. HP: 17/46 MP: 6/6
  3857 | D:4      | Found a sparkling altar of Nemelex Xobeh.
  3920 | D:4      | Noticed Pikel
  4138 | D:4      | Noticed Menkaure
  4141 | D:4      | Killed Menkaure
  4142 | D:4      | Reached skill level 3 in Short Blades
  4142 | D:4      | Reached skill level 1 in Axes
  4364 | D:4      | Reached XP level 7. HP: 52/52 MP: 7/7
  4390 | D:4      | Killed Pikel
  4391 | D:4      | Reached skill level 5 in Short Blades
  4391 | D:4      | Reached skill level 1 in Spellcasting
  4391 | D:4      | Reached XP level 8. HP: 36/60 MP: 7/10
  5044 | D:5      | Entered Level 5 of the Dungeon
  5099 | D:5      | Reached skill level 6 in Short Blades
  5734 | D:5      | Found Luneivea's Distillery.
  5772 | D:5      | Found a basalt altar of Yredelemnul.
  5778 | D:5      | Noticed a vampire
  5780 | D:5      | Found an ancient bone altar of Kikubaaqudgha.
  5796 | D:5      | Found a transporter.
  5798 | D:5      | Found a transporter.
  5956 | D:5      | Reached skill level 7 in Short Blades
  5956 | D:5      | Reached XP level 9. HP: 25/66 MP: 12/12
  6584 | D:6      | Identified the +10 whip of Ideweic {vorpal, rN+}
  6840 | D:6      | Found a glowing silver altar of Zin.
  7504 | D:6      | Reached skill level 8 in Short Blades
  8323 | D:6      | Reached skill level 5 in Fighting
  8608 | D:7      | Found a staircase to the Ecumenical Temple.
  8651 | Temple   | Entered the Ecumenical Temple
  8651 | Temple   | Found a transporter.
  8651 | Temple   | Found a transporter.
  8653 | Temple   | Found a transporter.
  8653 | Temple   | Found a transporter.
  8672 | Temple   | Became a worshipper of Gozag Ym Sagoz the Greedy
  8734 | D:7      | Reached skill level 5 in Dodging
  8737 | D:7      | HP: 3/68 [iguana (10)]
  9779 | D:7      | HP: 2/60 [kobold brigand/+2 dagger of draining (8)]
 10198 | D:7      | Found a bloodstained altar of Trog.
 10233 | D:7      | Killed from afar by a lava snake

Illustrated notes

Levels and vault maps discovered:
D:1:      lightli_arrival_boilingwater, layout_loops_ring,
          nicolae_ecumenical_lake_church, hangedman_feature_mirror,
          minmay_hedge_maze, grunt_decor_cap, minivault_25, minmay_surrounded
D:2:      layout_basic
D:3:      layout_rooms, ashenzari_altar_1, mainiacjoe_overflow_small_starburst
D:4:      layout_basic, nemelex_diamond_rough_becter, serial_rivers,
          chequers_serial_rivers_large_a, chequers_serial_rivers_micro_d,
          chequers_serial_rivers_micro_b, chequers_serial_rivers_room_a,
          uniq_pikel, uniq_menkaure
D:5:      layout_basic, gammafunk_temple_of_torment, serial_shops,
          nicolae_stop_n_shop_2
D:6:      layout_basic, lemuel_coloured_pillars_altar, roderic_lattice_a
D:7:      layout_cave_pools, mainiacjoe_overflow_chevrons,
          minmay_temple_entry_glass, kennysheep_flooded_box
Temple:   hellmonk_temple_divided_pantheon

Skill      XL: |  1  2  3  4  5  6  7  8  9 |
---------------+----------------------------+-----
Maces & Flails | 1 2 3 |  3.9
Dodging        | 2 3 4 5 |  5.3
Short Blades   | 1 2 3 5 7 8 |  8.2
Fighting       | 2 3 4 5 |  5.7
Axes           | 1 |  1.1
Spellcasting   | 1 2 3 |  3.2
Throwing       | |  0.4
Armour         | |  2.0
Stealth        | |  1.0
Evocations     | |  3.0

Action                   |  1- 3 |  4- 6 |  7- 9 || total
-------------------------+-------+-------+-------++-------
Melee: Club              |   107 |       |       ||   107
       Punch             |     2 |     1 |     4 ||     7
       Dagger            |    32 |   166 |   259 ||   457
       Hand axe          |     4 |       |       ||     4
       Whip              |       |       |    95 ||    95
Throw: Dart              |       |       |     3 ||     3
Evoke: Wand              |     1 |    10 |    11 ||    22
  Use: Potion            |       |       |     1 ||     1
 Stab: Sleeping          |     2 |     2 |     1 ||     5
Armor: Leather armour    |    66 |    29 |    56 ||   151
Dodge: Dodged            |   122 |    96 |   203 ||   421
